Mecha, lawful male dwarven Archeologist ------ ---- --.--.-- -.#**....| -----......--------------------- ...0##|...| |...............................| ----- ......*#*....- -.....|...-------------------...-- ....| #0.....)... ....- ----.|...| ------------.....| --..-- ####...(...^.. .....| |....-| |.--...--.|......| |.... ##*###........)..%...| --......| |.................----.|.- * #*%##..............- |.......-- --.---.................|.| ## *0# . .-....... --........-- --- ----..........).|.|.| |...|.... |..........| --......*....|.|.| --..- --. |..........| -.....)*.--|.|.| .-- |...| --..........| --........| |.|.| ...---..--.--- |...........-- -.-|...|.....- |.|.| .............| |............| --.--.--|....-- |.|.-- --- .........---------- ----....--...-- ......| ------ |.|...|.*|-.........|--- ---........| |-<...| |.|--...---.---*....--.-- |........| ---...... -.| |..Z@...| --........| --.....--- ..>.....- |..| |...----- ---......| --...-- |.^.|.-- |..| ----- ----..-- ---- ------- ---- --- Mecha the Investigator Experience level: 6 Strength: 11 Dexterity: 10 Constitution: 12 Intelligence: 16 Wisdom: 16 Charisma: 13 Health: 0(53) Energy: 20(20) AC: 8 Gold: 421 Moves: 3419 Your Inventory: Coins $ - 421 gold pieces Weapons a - an uncursed +2 bullwhip j - 6 cursed [-1] throwing stars [shuriken] l - 16 uncursed [+0] darts (in quiver) G - 5 [cursed -1] darts O - an [uncursed +0] dwarvish mattock (weapon in hands) Armor b - an uncursed +0 leather jacket (being worn) C - an uncursed +0 etched helmet [of brilliance] (being worn) P - a [cursed -1] dwarvish cloak Q - an [uncursed +0] pair of hard shoes [iron] Comestibles d - 4 uncursed food rations v - an uncursed [stale] egg B - 2 uncursed tripe rations E - an [uncursed] pear H - an [uncursed] fortune cookie Scrolls t - an uncursed scroll labeled ANDOVA BEGARIN [of magic mapping] Potions i - 2 uncursed indigo potions [of see invisible] k - a cursed murky potion [of confusion] m - an uncursed silver potion [of sleeping] q - a blessed clear potion [of holy water] r - an uncursed golden potion [of fruit juice] M - an [uncursed] yellow potion [of object detection] Rings n - an uncursed shiny ring [of see invisible] Wands s - an uncursed wand of lightning [0:2] Tools f - an uncursed tinning kit (0:96) h - an uncursed sack L - an [uncursed] magic marker [0:57] N - an [uncursed] looking glass [mirror] Gems g - an uncursed touchstone D - an [uncursed] citrine stone I - an [uncursed] jet stone Spells known in the end: Name Level Category Fail Memory Your skills at the end: Fighting Skills Weapon Skills pick-axe [Basic / Expert] sling [Basic / Skilled] whip [Basic / Expert] Spellcasting Skills Final Attributes: You were stridently aligned. Hunger level was 340. Your alignment was 5 / 27. Monster difficulty range was 0 - 5. Level difficulty was 5. You were telepathic. You had infravision. You were stealthy. You were fast. You were lucky (1). You are dead. Vanquished creatures: a mountain nymph a gnome lord a gnomish wizard an elf zombie 2 giant ants 3 floating eyes 2 kittens a dwarf a homunculus a werejackal 2 iguanas an acid blob a gas spore a hobbit 3 manes a yellow mold a green mold 18 gnomes a gnome zombie a gecko 5 jackals a fox a kobold 6 goblins 2 sewer rats 4 grid bugs 2 bats 5 lichens 2 kobold zombies 3 newts 75 creatures vanquished. Voluntary challenges: You used a wielded weapon 102 times. You read items or engraved 1 time. You put on armor 7 times. You never genocided any monsters. You never polymorphed an object. You changed form 1 time. You used no wishes. You wrote Elbereth's name 1 time. You never encountered a bones level. You never used any Sokoban shortcuts. Dungeon overview: The Dungeons of Doom: levels 1 to 4 Level 1 a long staircase Level 3 an altar Level 4 a general store stairs to The Gnomish Mines The Gnomish Mines: Level 5 <- You were here stairs to The Dungeons of Doom History has recorded: On T:1 you entered the Dungeons of Doom to retrieve the Amulet of Yendor! On T:634 you advanced to experience level 2. On T:815 you reached level 2 of The Dungeons of Doom. On T:832 you advanced to experience level 3. On T:1119 you reached level 3 of The Dungeons of Doom. On T:1352 you advanced to experience level 4. On T:1754 you advanced to experience level 5. On T:2146 you reached level 4 of The Dungeons of Doom. On T:2577 you advanced to experience level 6. On T:2805 you reached level 1 of The Gnomish Mines. Latest messages: [2 turns] With great effort you move the boulder. [HP+1=11] You drop an uncursed corroded +0 pick-axe. [HP+1=12] [HP+1=13] [2 turns] [HP+1=14] [2 turns] You miss the elf zombie. The elf zombie hits! [HP-1=13] [HP+1=14] [2 turns] You see here a worthless piece of red glass. The iguana bites! [HP-1=13] [HP+1=14] The elf zombie hits! [HP-7=7] [2 turns] You hit the elf zombie. You miss the elf zombie. The elf zombie hits! You die... Final status: Goodbye Mecha the Archeologist... You died in The Gnomish Mines on dungeon level 5 with 2185 points, and 421 pieces of gold, after 3419 moves. You were level 6 with a maximum of 53 hit points when you died.